 Dungeon Crawl Stone Soup version 0.30-a0-782-ge64f9170bb (webtiles) character file.

Game seed: 4789123442745196915

8 Esekla the Sneak (level 2, 19/21 HPs)
             Began as an Octopode Delver on Feb 19, 2023.
             Quit the game on level 5 of the Dungeon.
             The game lasted 00:02:09 (93 turns).

Esekla the Sneak (Octopode Delver)                    Turns: 93, Time: 00:02:10

Health: 19/21      AC:  1    Str: 11    XL:     2   Next: 8%
Magic:  2/2        EV: 13    Int: 12    God:
Gold:   11         SH:  0    Dex: 13    Spells: 1/1 levels left

rFire   . . .      SeeInvis .    a - +0 falchion
rCold   . . .      Faith    .    (no shield)
rNeg    . . .      Spirit   .    (helmet restricted)
rPois   .          Reflect  .    (no amulet)
rElec   .          Harm     .    (no ring)
rCorr   .          Rampage  .    (no ring)
Will    .....                    (no ring)
Stlth   ++++                     (no ring)
HPRegen 0.23/turn                (no ring)
MPRegen 0.08/turn                (no ring)
                                 (no ring)
                                 (no ring)

@: no status effects
A: almost no armour, amphibious, 8 rings, camouflage 1, gelatinous body 1,
(nimble swimmer 1), tentacles
a: no special abilities


You were on level 5 of the Dungeon.
You visited 1 branch of the dungeon, and saw 1 of its levels.

You collected 11 gold pieces.

Inventory:

Hand Weapons
 a - a +0 falchion (weapon)
 c - a +0 dagger
Wands
 f - a wand of digging (3)
Scrolls
 b - a scroll of fog
 d - a scroll of fear
Potions
 e - a potion of haste
 g - a potion of lignification {unknown}


   Skills:
 * Level 3.1 Fighting
 * Level 2.1 Long Blades
 * Level 2.1 Dodging
 + Level 6.8 Stealth
 * Level 0.2 Spellcasting


You had one spell level left.
You didn't know any spells.
Your spell library was empty.

Dungeon Overview and Level Annotations

Branches:
Dungeon (5/15)
 Temple: D:4-7

Altars:
Hepliaklqana


Innate Abilities, Weirdness & Mutations

You cannot wear most types of armour.
You are amphibious.
You can wear up to eight rings at the same time.
Your skin changes colour to match your surroundings (Stealth+).
Your rubbery body absorbs attacks. (AC +1, EV +1)
((You are camouflaged when in or above water. (Stealth+)))
You have tentacles for arms and can constrict up to eight enemies at once.


Message History

You hit the orc. You grab the orc.
The orc is severely wounded.
You constrict the orc, but do no damage.
The orc barely misses you.
An orc comes into view. It is wielding a +0 flail.
The orc shouts!
You hit the orc but do no damage.
The orc is severely wounded.
You constrict the orc. The orc misses you.
You hit the orc.
You kill the orc!
You hit the orc. Your grab misses the orc. You squeeze the orc.
You kill the orc!
The orc hits you but does no damage.
You barely miss the orc. Your grab misses the orc. You squeeze the orc!
You kill the orc!
You have reached level 2!
Items here: ))) [ †.
c - a +0 dagger
Okay, then.
Found a stone staircase leading up.
You now have 11 gold pieces.
Found a cloak.
Found a viscous inky potion.
g - a viscous inky potion You open the door.
There is an open door here.
An adder, a bullfrog, an orc wizard and an orc come into view.
The orc is wielding a +1 antimagic dagger.
Found a scroll labelled RORRIFOIKK.
The orc wizard shouts!
An orc comes into view. It is wielding a +0 short sword.
The orc moves out of view.
You open the door.
Found a hazy altar of Hepliaklqana.
The bullfrog croaks.
The bullfrog releases a deep croak.
There is an open door here.
You close the door.
Are you sure you want to abandon this character and quit the game? (Confirm with "yes".)

,,*****,*************************
,,,,,,,,,,,,,##≈≈≈##,,,,,,,,,,,,,
**,**,*,*****#≈≈≈≈≈#,,,,*********
,,,,,,*,* #≈≈≈≈≈#,,,,* *
**,****,* *≈♣8♣≈*,,,,* * **,* *,*
#♣...♣#,,,,* * **,* *,*
#.._..#,,,,*** * **,* *,*
#**♣...♣*,,,,*,******* **,****,*
#.**♣@♣**,,,,+,,,,,,,, **,**,*,*
#..##+##,,,,,*,,,,,,,, **,**,*,*
#....S.#****+#+***,,,, **,*,,*,*
#...F..##*,,...,,*,*## **,*,,*,*
#....#..#*,...oo,#.*#.
*,*,,*,***#....##.##....o,,#.##.
*,*,,,,,,...?..........#+###..#.
*,**,*,,...######.######......#.
*,*,,*,,...* ###'##...,,.....#.


There were no monsters in sight!

Vanquished Creatures
  4 orcs (D:5)
4 creatures vanquished.

Notes
Turn   | Place    | Note
-------+----------+-------------------------------------------
     0 | D:5      | Esekla the Octopode Delver began the quest for the Orb.
     0 | D:5      | Reached XP level 1. HP: 16/16 MP: 1/1
    51 | D:5      | Reached XP level 2. HP: 10/21 MP: 2/2
    83 | D:5      | Noticed a bullfrog
    89 | D:5      | Found a hazy altar of Hepliaklqana.
    93 | D:5      | Quit the game

Illustrated notes

Levels and vault maps discovered:
D:5:      layout_basic, worldfamousw_hep_ancestral_shrine, uniq_prince_ribbit1,
          uniq_duvessa

Action                     || total
---------------------------++-------
  Melee: Falchion          ||    11
         Tentacles         ||     4
         Constrict         ||     2
    Use: Scroll            ||     1
 Armour: Skin              ||     1
  Dodge: Dodged            ||     3

Table legend: (Time is in decaauts)
 A = Elapsed time spent in this place.
 B = Non-inter-level travel time spent in this place.
 C = Inter-level travel time spent in this place.
 D = Time resting spent in this place.
 E = Time spent auto-exploring this place.
 F = Levels seen in this place.
 G = Mean time per level.
                   A        B        C        D        E       F      G
               +--------+--------+--------+--------+--------+-----+--------+
         Total |     95 |     95 |      0 |      5 |      0 |   1 |   95.0 |
       Dungeon |     95 |     95 |      0 |      5 |      0 |   1 |   95.0 |
               +--------+--------+--------+--------+--------+-----+--------+

Top non-repeatable levels by time:
     D:5: 95 daAuts
